 Dungeon Crawl Stone Soup version 0.31-a0-1529-g7bd419a0e5 (webtiles) character file.

Game seed: 18342348875608855132

198 wildpjah the Slasher (level 5, -9/39 HPs)
             Began as a Demonspawn Gladiator on Dec 31, 2023.
             Succumbed to a gnoll sergeant's poison
             ... on level 3 of the Dungeon.
             The game lasted 00:03:50 (2002 turns).

wildpjah the Slasher (Demonspawn Gladiator)         Turns: 2002, Time: 00:03:51

Health: -9/39      AC:  6    Str: 14    XL:     5   Next: 47%
Magic:  5/5        EV: 11    Int:  8    God:
Gold:   155        SH:  6    Dex: 17    Spells: 4/4 levels left

rFire   . . .        s - +2 dagger (elec)
rCold   . . .        u - +2 buckler
rNeg    . . .        l - +0 ring mail
rPois   .            c - +0 helmet
rElec   .            (no cloak)
rCorr   .            (no gloves)
SInv    .            (no boots)
Will    .....        q - amulet of regeneration
Stlth   +            (no ring)
HPRegen 1.06/turn    (no ring)
MPRegen 0.09/turn

%: no passive effects
@: lethally poisoned (-9 -> -42)
A: claws 1, weakness stinger 1
a: no special abilities


You were on level 3 of the Dungeon.
You visited 1 branch of the dungeon, and saw 4 of its levels.

You collected 155 gold pieces.

Inventory:

Hand Weapons
 a - a +0 long sword
 k - a +1 short sword of venom
 s - a +2 dagger of electrocution (weapon)
 t - a +2 dagger of protection
Missiles
 d - 2 throwing nets
 e - 4 javelins (quivered)
Armour
 b - a +0 leather armour
 c - a +0 helmet (worn)
 l - a +0 ring mail (worn)
 r - a +0 kite shield
 u - a +2 buckler (worn)
Jewellery
 q - an amulet of regeneration (around neck)
Scrolls
 f - a scroll of blinking {unknown}
 g - a scroll of brand weapon {unknown}
 h - 5 scrolls of enchant armour {unknown}
 i - a scroll of fog {unknown}
 m - 4 scrolls of identify {unknown}
 p - a scroll of fear {unknown}
 v - a scroll of teleportation {unknown}
Potions
 j - 3 potions of curing {unknown}
 n - 3 potions of haste {unknown}
 o - a potion of brilliance {unknown}


   Skills:
 + Level 2.7 Fighting
 + Level 0.7(2.5) Short Blades
 + Level 3.9(4.0) Long Blades
 + Level 1.9 Throwing
 + Level 1.8 Armour
 + Level 3.4 Dodging
 + Level 0.7 Stealth
 + Level 0.4 Shields


You had 4 spell levels left.
You didn't know any spells.
Your spell library contained the following spells:

 Spells                   Type           Power      Damage    Failure   Level
 Magic Dart               Conj           0%         1d3       77%         1
 Summon Small Mammal      Summ           0%         N/A       77%         1
 Blink                    Tloc           0%         N/A       88%         2
 Call Imp                 Summ           0%         N/A       88%         2
 Call Canine Familiar     Summ           0%         N/A       98%         3
 Inner Flame              Hex/Fire       0%         N/A       98%         3
 Summon Blazeheart Golem  Fire/Summ      0%         N/A       100%        4
 Irradiate                Conj/Alch      0%         3d11      100%        5
 Conjure Ball Lightning   Conj/Air       0%         3x3d6     100%        6
 Discord                  Hex            0%         N/A       100%        8
 Disjunction              Tloc           0%         N/A       100%        8
 Ignition                 Fire           0%         3d3       100%        8


Dungeon Overview and Level Annotations

Branches:
Dungeon (4/15)
 Temple: D:4-7

Altars:
Ashenzari
Fedhas
Vehumet
Yredelemnul


Innate Abilities, Weirdness & Mutations

You have sharp fingernails.
You have a small tail.


Message History

No target in view!
There is a stone staircase leading down here.
You climb downwards.
The gnoll sergeant shouts!
The gnoll shouts! x3
There is a stone staircase leading up here.
Throw: 7 javelins
Press: ? - help, Q - select action, (/) - cycle Shift-Dir - straight line, f - gnoll sergeant
Aim: a gnoll sergeant, wielding a +1 spear of venom, wearing a +0 ring mail and wearing a +0 kite shield (69% to hit)
You throw a javelin.
The javelin pierces through the gnoll sergeant!
The gnoll sergeant is moderately wounded.
Throw: 6 javelins
Press: ? - help, Q - select action, (/) - cycle Shift-Dir - straight line, f/p - gnoll sergeant
Aim: a gnoll sergeant, wielding a +1 spear of venom, wearing a +0 ring mail and wearing a +0 kite shield (moderately wounded, 69% to hit)
You throw a javelin.
The javelin hits the gnoll sergeant and shatters for extra damage.
The gnoll sergeant is moderately wounded.
The gnoll barely misses you.
Throw: 5 javelins
Press: ? - help, Q - select action, (/) - cycle Shift-Dir - straight line, f/p - gnoll sergeant
Aim: a gnoll sergeant, wielding a +1 spear of venom, wearing a +0 ring mail and wearing a +0 kite shield (moderately wounded, 69% to hit)
You throw a javelin.
The javelin pierces through the gnoll sergeant.
The gnoll sergeant is heavily wounded.
The javelin barely misses the gnoll.
The gnoll sergeant hits you from afar with a +1 spear of venom.
You are poisoned.
The gnoll hits you from afar with a +1 spear of venom.
You are more poisoned.
The gnoll hits you from afar with a +1 spear of venom.
You are more poisoned.
The gnoll sergeant hits you from afar with a +1 spear of venom.
You feel extremely sick.
The gnoll sergeant hits you from afar with a +1 spear of venom.
You are more poisoned.
The gnoll hits you from afar with a +0 halberd!
* * * LOW HITPOINT WARNING * * *
The gnoll closely misses you. You block the gnoll's attack.
You climb upwards.
You die...

#### ##..## #....# ##.⌠._#
#.....# ########## ####....##
#........######
##..)...8#######........##...#
...)#....##.....@.......##.#.#
...##.....#..##..g.#######.#.#
...###.⌠._##.##....'.#.....#.#
<..# #....##.##†...#.#.#####.#
...# ##..###.##....#...#
#.#### ...#######
#.##....##### #..... .......#
#.......# ###### #####.###
###.....### #... #...#
###.......# ####.##


You could see a gnoll.

Vanquished Creatures
  An orc priest (D:2)
  An iguana (D:3)
  6 adders
  8 orcs
  5 ball pythons
  9 endoplasms
  A giant cockroach (D:3)
  12 goblins
  9 hobgoblins
  3 jackals (D:2)
  7 bats
  2 frilled lizards
  6 kobolds
  5 rats
75 creatures vanquished.

Notes
Turn   | Place    | Note
-------+----------+-------------------------------------------
     0 | D:1      | wildpjah the Demonspawn Gladiator began the quest for the
                  | Orb.
     0 | D:1      | Reached XP level 1. HP: 16/16 MP: 1/1
   137 | D:1      | Discovered your monstrous ancestry.
   137 | D:1      | Gained mutation: You have a small tail. [demonic ancestry]
   137 | D:1      | Reached XP level 2. HP: 20/22 MP: 2/2
   328 | D:1      | Found a faded altar of an unknown god.
   442 | D:1      | Gained mutation: You have sharp fingernails. [demonic
                  | ancestry]
   442 | D:1      | Reached XP level 3. HP: 27/27 MP: 3/3
  1064 | D:2      | Reached skill level 1 in Armour
  1068 | D:2      | Reached XP level 4. HP: 20/34 MP: 4/4
  1574 | D:3      | Found a blossoming altar of Fedhas.
  1596 | D:3      | Reached XP level 5. HP: 39/39 MP: 5/5
  1691 | D:3      | Found a broken altar of Ashenzari.
  1691 | D:3      | Found a basalt altar of Yredelemnul.
  1854 | D:3      | Found a radiant altar of Vehumet.
  2002 | D:3      | Succumbed to a gnoll sergeant's poison

Illustrated notes

Levels and vault maps discovered:
D:1:      dpeg_arrival_morbid_curiosity, layout_rooms, serial_bayou,
          serial_bayou_crossing, serial_bayou_pond_e, serial_bayou_shore_b,
          serial_bayou_lagoon_b, serial_bayou_pond_d, serial_bayou_ford_a,
          hellmonk_ecumenical_altar_leap_of_faith, minmay_split_cup_small
D:2:      layout_basic
D:3:      layout_basic, nicolae_overflow_hidden_temple, fedhas_altar_2,
          lemuel_doored_altar, gammafunk_temple_overflow_pools
D:4:      layout_layer_cave, tso_oasis_becter, uniq_menkaure, uniq_sigmund

Skill      XL: |  1  2  3 |
---------------+----------+-----
Dodging        | 3 |  3.4
Long Blades    | 3 |  3.9
Armour         | 1 |  1.8
Fighting       | |  2.7
Short Blades   | |  0.7
Throwing       | |  1.9
Stealth        | |  0.7
Shields        | |  0.4

Action                     |  1- 3 |  4- 6 || total
---------------------------+-------+-------++-------
  Melee: Long sword        |   108 |     9 ||   117
         Tailslap          |     7 |    18 ||    25
         Punch             |     1 |       ||     1
         Dagger            |       |    76 ||    76
  Throw: Throwing net      |     3 |       ||     3
         Javelin           |       |     3 ||     3
   Stab: Sleeping          |     1 |     1 ||     2
 Armour: Leather armour    |    44 |       ||    44
         Ring mail         |    30 |    42 ||    72
  Dodge: Dodged            |    95 |    37 ||   132
  Block: Kite shield       |       |    15 ||    15
         Buckler           |       |    11 ||    11

Table legend: (Time is in decaauts)
 A = Elapsed time spent in this place.
 B = Non-inter-level travel time spent in this place.
 C = Inter-level travel time spent in this place.
 D = Time resting spent in this place.
 E = Time spent auto-exploring this place.
 F = Levels seen in this place.
 G = Mean time per level.
                   A        B        C        D        E       F      G
               +--------+--------+--------+--------+--------+-----+--------+
         Total |   2064 |   2009 |     55 |      0 |   1514 |   4 |  516.0 |
       Dungeon |   2064 |   2009 |     55 |      0 |   1514 |   4 |  516.0 |
               +--------+--------+--------+--------+--------+-----+--------+

Top non-repeatable levels by time:
     D:1: 915 daAuts
     D:2: 675 daAuts
     D:3: 467 daAuts
     D:4: 6 daAuts
